 Dungeon Crawl Stone Soup version 0.16.1-11-g651b585 (webtiles) character file.

99 Magnus the Charmwright (level 4, -2/36 HPs)
             Began as a Demonspawn Skald on Apr 5, 2015.
             Slain by Crazy Yiuf
             ... wielding a +2 quarterstaff of chaos
              (4 damage)
             ... on level 2 of the Dungeon.
             The game lasted 00:13:09 (2950 turns).

Magnus the Charmwright (Demonspawn Skald)           Turns: 2950, Time: 00:13:10

Health: -2/36      AC:  4    Str: 13    XL:     4   Next: 45%
Magic:  7/7        EV: 11    Int: 14    God:
Gold:   62         SH:  0    Dex: 12    Spells: 2 memorised, 3 levels left

rFire  + . .     SeeInvis .     a - +0 falchion
rCold  + . .     Clarity  .     b - +0 leather armour
rNeg   + . .     SustAb   .     (no shield)
rPois  +         Gourm    .     (helmet restricted)
rElec  +         Spirit   .     (no cloak)
rCorr  +         Warding  .     (no gloves)
rMut   .         Stasis   .     (no boots)
MR     .....                    l - amulet of resist corrosion
Stlth  +.........               (no ring)
                                f - ring of positive energy

@: resistant, very slightly contaminated, slowed, drained, invisible, very slow,
not resistant to hostile enchantments, very unstealthy
A: horns 1, rugged brown scales 1
a: no special abilities


You were on level 2 of the Dungeon.
You were not hungry.

You visited 1 branch of the dungeon, and saw 2 of its levels.

You collected 62 gold pieces.

Inventory:

Hand weapons
 a - a +0 falchion (weapon)
Armour
 b - a +0 leather armour (worn)
Jewellery
 f - a ring of positive energy (left hand)
 l - an amulet of resist corrosion (around neck)
Scrolls
 e - 2 scrolls of teleportation {unknown}
 g - a scroll of enchant armour {unknown}
 i - a scroll of blinking {unknown}
 j - a scroll of remove curse {unknown}
 n - a scroll of fog {unknown}
 o - a scroll of identify {unknown}
Potions
 h - a potion of resistance
 k - a potion of degeneration {unknown}
Books
 c - a book of Battle

   Spells                             Type                      Level
   a - Infusion                       Charms                       1
   b - Shroud of Golubria             Charms/Translocation         2
   c - Song of Slaying                Charms                       2
   d - Spectral Weapon                Hexes/Charms                 3
   e - Regeneration                   Charms/Necromancy            3
Comestibles
 d - 2 bread rations
 m - 2 chunks of flesh


   Skills:
 + Level 3.1(2.9) Fighting
 + Level 2.0(1.9) Long Blades
 - Level 0.8(0.7) Armour
 - Level 0.8(0.7) Dodging
 - Level 2.0(1.8) Spellcasting
 * Level 4.1(3.9) Charms


You had 3 spell levels left.
You knew the following spells:

 Your Spells              Type           Power        Failure   Level  Hunger
a - Infusion              Chrm           ##....       10%         1    ##.....
b - Spectral Weapon       Hex/Chrm       #.......     50%         3    ####...


Dungeon Overview and Level Annotations

Branches:
Dungeon (2/15)

Altars:

Annotations:
D:2 Crazy Yiuf, Sigmund


Innate Abilities, Weirdness & Mutations

You have a pair of small horns on your head.
You are partially covered in rugged brown scales (AC +1, +3% HP).


Message History

Crazy Yiuf is heavily wounded.
Crazy Yiuf hits you with a quarterstaff of chaos.
You fade into invisibility!
You are very lightly contaminated with residual magic.
Crazy Yiuf hits you with a quarterstaff of chaos.
Crazy Yiuf freezes you.
You closely miss Crazy Yiuf.
Crazy Yiuf is heavily wounded.
Crazy Yiuf hits you with a quarterstaff of chaos!
* * * LOW HITPOINT WARNING * * *
You convulse.
* * * LOW HITPOINT WARNING * * *
You hit Crazy Yiuf. You headbutt Crazy Yiuf.
Crazy Yiuf is severely wounded.
Crazy Yiuf cries, "Gnoll!
Two hog mobile."
Crazy Yiuf closely misses you. Crazy Yiuf barely misses you.
You closely miss Crazy Yiuf.
Crazy Yiuf is severely wounded.
Crazy Yiuf hits you with a quarterstaff of chaos.
You die...

#.............#
#.....#
#.#######'#'#.#
#.....# #.#
#.#.#.# ####'##
#.# ####### #.#
#.# #####.#
#.########
#.....#
#)#.#..#.### ###
#######
#.......#..##...#
#......####@g...#
##..#.## ###..)#
###### ###


You could see Crazy Yiuf.

Vanquished Creatures
  4 adders (D:2)
  2 worms (D:2)
  A giant gecko (D:2)
  An ooze (D:1)
  A giant cockroach (D:2)
  5 goblins
  9 hobgoblins
  4 jackals (D:1)
  2 kobolds
  A quokka (D:2)
  A ball python (D:2)
  9 bats
  3 giant newts (D:2)
  7 rats
50 creatures vanquished.

Notes
Turn   | Place    | Note
--------------------------------------------------------------
     0 | D:1      | Magnus, the Demonspawn Skald, began the quest for the Orb.
     0 | D:1      | Reached XP level 1. HP: 16/16 MP: 3/3
   271 | D:1      | Reached skill level 3 in Charms
   277 | D:1      | Gained mutation: You have a pair of small horns on your head. [demonic ancestry]
   277 | D:1      | Reached XP level 2. HP: 20/22 MP: 4/4
   978 | D:1      | Gained mutation: You are partially covered in rugged brown scales (AC +1, +3% HP). [demonic ancestry]
   978 | D:1      | Reached XP level 3. HP: 19/28 MP: 6/6
  1145 | D:2      | Learned a level 3 spell: Spectral Weapon
  1373 | D:2      | Noticed Sigmund
  2459 | D:2      | Reached XP level 4. HP: 27/36 MP: 1/7
  2594 | D:2      | Reached skill level 4 in Charms
  2901 | D:2      | Noticed Crazy Yiuf
  2950 | D:2      | Slain by Crazy Yiuf

Action                   |  1- 3 |  4- 6 || total
-------------------------+-------+-------++-------
Melee: Falchion          |   145 |    36 ||   181
 Cast: Infusion          |     4 |     2 ||     6
  Use: Potion            |       |     1 ||     1
  Eat: Chunk             |     1 |     1 ||     2
       Bread ration      |     1 |       ||     1
